 Dungeon Crawl Stone Soup version 0.18.1-8-gdd0e5ea (webtiles) character file.

364 dvd the Chopper (level 6, 0/52 HPs)
             Began as a Hill Orc Gladiator on June 6, 2016.
             Killed by nerve-wracking pain
             ... invoked by a shadow imp
             ... summoned by Eustachio
              (14 damage)
             ... on level 4 of the Dungeon.
             The game lasted 00:11:51 (4212 turns).

dvd the Chopper (Hill Orc Gladiator)                Turns: 4212, Time: 00:11:52

Health: 0/52       AC: 11    Str: 19      XL:     6   Next: 67%
Magic:  15/15      EV: 11    Int:  8      God:
Gold:   239        SH:  9    Dex: 12 (17) Spells: 0 memorised, 5 levels left

rFire  . . .     SeeInvis .     a - +1 war axe
rCold  . . .     Gourm    .     p - +0 chain mail
rNeg   . . .     Faith    .     x - +1 shield
rPois  .         Spirit   .     c - +0 helmet
rElec  .         Dismiss  .     n - +0 cloak
rCorr  .         Reflect  .     (no gloves)
SustAt .         Harm     .     (no boots)
MR     .....                    (no amulet)
Stlth  ..........               e - ring of magical power
                                h - ring of flight

@: agile, not resistant to hostile enchantments, extremely unstealthy
A: no striking features
a: Evoke Flight


You were on level 4 of the Dungeon.
You were not hungry.

You visited 1 branch of the dungeon, and saw 4 of its levels.

You collected 239 gold pieces.

Inventory:

Hand Weapons
 a - a +1 war axe (weapon)
 A - a +0 mace
Missiles
 d - 3 throwing nets (quivered)
Armour
 b - a +0 leather armour
 c - a +0 helmet (worn)
 n - a +0 cloak (worn)
 p - a +0 chain mail (worn)
 x - a +1 shield (worn)
Jewellery
 e - a ring of magical power (right hand)
 h - a ring of flight (left hand)
 s - an uncursed amulet of faith
Scrolls
 k - 3 scrolls of identify
 C - a scroll of enchant weapon
Potions
 i - a potion of haste {unknown}
 l - a potion of degeneration {unknown}
 o - a potion of magic
 B - a potion of flight
Comestibles
 f - 4 bread rations
 g - a meat ration
 m - 4 chunks of flesh
 w - 3 beef jerkies


   Skills:
 + Level 3.8 Fighting
 * Level 6.0 Axes
 + Level 1.9 Throwing
 + Level 2.7 Armour
 + Level 3.6 Dodging
 + Level 0.1 Stealth
 + Level 2.3 Shields


You had 5 spell levels left.
You didn't know any spells.

Dungeon Overview and Level Annotations

Branches:
Dungeon (4/15)
 Temple: D:4-7

Altars:
Cheibriados
Dithmenos
Elyvilon
Gozag
Makhleb
Okawaru
Pakellas
Qazlal
Trog
The Shining One

Annotations:
D:4 Eustachio


Message History

You block the river rat's attack. You block the quokka's attack.
Eustachio mumbles some strange words.
The shadow imp hits you.
* * * LOW HITPOINT WARNING * * *
Drink which item? (? for menu, Esc to quit)
You feel agile all of a sudden.
The bat disappears in a puff of smoke!
The quokka disappears in a puff of smoke!
The iron imp hits you!
* * * LOW HITPOINT WARNING * * *
The river rat bites you but does no damage.
You block the shadow imp's attack.
Drink which item? (? for menu, Esc to quit)
You feel better. The bat closely misses you.
The river rat twitches its whiskers.
You block the river rat's attack. The iron imp hits you.
* * * LOW HITPOINT WARNING * * *
The shadow imp gestures at you. Pain shoots through your body!
You die...

..###################..
#......................
#......................
#......................
#............!.(.......
#........(...(.....>...
#...ยง.r................
#.r.@5b...............(
#....5@.#####'#######..
#....5.r'.....>.# #..
#.......#...<...# #..
#.......#..##..######..
##+#####.......#..##..##...#..
..........#+####..#........#..
..........'....#..#........#..
..........#..^.#..#........'..
..........##..##..# ..######..


You could see Eustachio, 2 iron imps, 3 river rats, a shadow imp and a bat.

Vanquished Creatures
  A water moccasin skeleton (D:4)
  A hound (D:4)
  3 orc wizards (D:3)
  A worker ant (D:2)
  A hound skeleton (D:4)
  4 adders
  A shadow imp (D:3)
  3 worms (D:2)
  3 dart slugs
  4 giant geckos
  8 orcs (D:3)
  6 bats
  5 giant cockroaches
  20 goblins
  12 hobgoblins
  6 kobolds
  5 quokkas
  12 giant newts
  5 rats
101 creatures vanquished.

Notes
Turn   | Place    | Note
--------------------------------------------------------------
     0 | D:1      | dvd the Hill Orc Gladiator began the quest for the Orb.
     0 | D:1      | Reached XP level 1. HP: 18/18 MP: 1/1
   185 | D:1      | Reached XP level 2. HP: 23/25 MP: 2/2
   358 | D:1      | Found a glowing golden altar of the Shining One.
   851 | D:1      | Reached XP level 3. HP: 29/30 MP: 3/3
  1248 | D:2      | Found an oddly glowing altar of Pakellas.
  1617 | D:2      | Reached skill level 1 in Armour
  1617 | D:2      | Reached XP level 4. HP: 38/38 MP: 4/4
  1981 | D:2      | Found a burning altar of Makhleb.
  1987 | D:2      | Found a bloodstained altar of Trog.
  1988 | D:2      | Found an opulent altar of Gozag.
  1989 | D:2      | Found a shadowy altar of Dithmenos.
  1992 | D:2      | Found a white marble altar of Elyvilon.
  2351 | D:3      | Reached skill level 5 in Axes
  2404 | D:3      | Reached XP level 5. HP: 35/45 MP: 5/5
  2426 | D:3      | Found a stormy altar of Qazlal.
  2428 | D:3      | Noticed an air elemental
  2711 | D:3      | Noticed a water elemental
  2711 | D:3      | Noticed a fire elemental
  2765 | D:3      | Found an iron altar of Okawaru.
  2927 | D:3      | Reached skill level 1 in Shields
  2927 | D:3      | Reached XP level 6. HP: 20/51 MP: 6/6
  3226 | D:3      | Found a snail-covered altar of Cheibriados.
  4085 | D:4      | Reached skill level 6 in Axes
  4174 | D:4      | Noticed Eustachio
  4212 | D:4      | Killed from afar by a shadow imp

Skill      XL: |  1  2  3  4  5  6 |
---------------+-------------------+-----
Dodging        | 3 |  3.6
Fighting       | 3 |  3.8
Armour         | 1 2 |  2.7
Axes           | 5 6 |  6.0
Shields        | 1 2 |  2.3
Throwing       | |  1.9
Stealth        | |  0.1

Action                   |  1- 3 |  4- 6 || total
-------------------------+-------+-------++-------
Melee: War axe           |   108 |   293 ||   401
  Use: Potion            |       |     6 ||     6
       Scroll            |       |     9 ||     9
  Eat: Chunk             |     2 |     9 ||    11
Armor: Leather armour    |    32 |       ||    32
       Chain mail        |    14 |   240 ||   254
Dodge: Dodged            |    59 |   140 ||   199
Block: Shield            |       |   124 ||   124
